 Dungeon Sprint DCSS version 0.25-a0-62-g88673ef095 (webtiles) character file.

Game seed: 5406584113420797997, levelgen mode: deterministic

7182 inmateoo the Prestidigitator (level 11, -2/138 HPs)
             Began as a Gnoll Wanderer on Oct 30, 2019.
             Killed by divine providence
             ... invoked by a mummy priest
              (13 damage)
             ... in the Dungeon (Sprint V: "Ziggurat Sprint").
             The game lasted 00:03:01 (815 turns).

inmateoo the Prestidigitator (Gnoll Wanderer)        Turns: 815, Time: 00:03:02

Health: -2/138     AC: 32    Str: 21    XL:     11   Next: 11%
Magic:  23/25      EV:  6    Int: 27    God:
Gold:   0          SH: 30    Dex: 16    Spells: 29/30 levels left

rFire    + . .     SeeInvis .   z - +8 lance "Wyrmbane" {slay drac, rPois rF+ rC+ AC+3}
rCold    + . .     Gourm    .   d - +18 shield of the Gong {rElec rN+ MR+ EV-5}
rNeg     + . .     Faith    .   a - +15 Maxwell's patent armour {-Cast -Tele rElec MR+ rCorr}
rPois    +         Spirit   .   (no helmet)
rElec    +         Reflect  .   (no cloak)
rCorr    +         Harm     .   (no gloves)
MR       ++...     NoTele   +   (no boots) Stlth ..........NoCast +
                                (no amulet)
HPRegen  0.33/turn              A - +6 ring of intelligence
MPRegen  0.19/turn              B - +6 ring of intelligence

@: berserking, studying Evocations, very quick
A: distributed training, fangs 1, strong nose
a: no special abilities


You were in the Dungeon.
You were near starving.

You visited 1 branch

Inventory:

Hand Weapons
 z - the +8 lance "Wyrmbane" (weapon) {slay drac, rPois rF+ rC+ AC+3}
   (You found it in the Dungeon)

   It affects your AC (+3).
   It protects you from fire.
   It protects you from cold.
   It protects you from poison.
 I - the +8 mithril axe "Arga" {speed, MR+}
   (You found it in the Dungeon)

   Attacks with this weapon are significantly faster.
   It affects your resistance to hostile enchantments.
Missiles
 b - 4 curare-tipped darts (quivered)
Armour
 a - the +15 Maxwell's patent armour (worn) {-Cast -Tele rElec MR+ rCorr}
   (You found it in the Dungeon)

   It insulates you from electricity.
   It affects your resistance to hostile enchantments.
   It prevents spellcasting.
   It prevents most forms of teleportation.
   It provides partial protection from all sources of acid and corrosion.
 d - the +18 shield of the Gong (worn) {rElec rN+ MR+ EV-5}
   (You found it in the Dungeon)

   It affects your evasion (-5).
   It insulates you from electricity.
   It protects you from negative energy.
   It affects your resistance to hostile enchantments.
 o - a +5 crystal plate armour
 x - +5 gold dragon scales
 y - a +3 shield
Jewellery
 A - a +6 ring of intelligence (left hand)
 B - a +6 ring of intelligence (right hand)
 C - an uncursed ring of fire
Wands
 E - a wand of disintegration (7)
 G - a wand of acid (2)
Scrolls
 l - 4 scrolls of blinking
 r - 4 scrolls of amnesia
 s - 7 scrolls of fog
 t - a scroll of holy word
 u - 5 scrolls of identify
 v - 5 scrolls of remove curse
 w - 2 scrolls of fear
Potions
 c - 2 potions of brilliance
 g - 10 potions of curing
 h - 10 potions of heal wounds
 i - 6 potions of haste
 j - 7 potions of magic
 k - a potion of berserk rage
 m - 2 potions of invisibility
 n - 4 potions of resistance
 p - 5 potions of agility
 q - 5 potions of might
Books
 H - a manual of Evocations
Miscellaneous
 D - a fan of gales
Comestibles
 f - 7 rations


   Skills:
 + Level 10.6 Fighting
 + Level 9.6 Short Blades
 + Level 9.6 Long Blades
 + Level 9.6 Axes
 + Level 9.6 Maces & Flails
 + Level 9.6 Polearms
 + Level 9.6 Staves
 + Level 9.6 Slings
 + Level 9.6 Bows
 + Level 9.6 Crossbows
 + Level 10.0 Throwing
 + Level 9.6 Armour
 + Level 9.6 Dodging
 + Level 10.0 Stealth
 + Level 9.6 Shields
 + Level 9.6 Unarmed Combat
 + Level 10.1 Spellcasting
 + Level 8.1 Conjurations
 + Level 8.1 Hexes
 + Level 8.1 Charms
 + Level 8.1 Summonings
 + Level 9.0 Necromancy
 + Level 8.1 Translocations
 + Level 8.1 Transmutations
 + Level 8.1 Fire Magic
 + Level 8.1 Ice Magic
 + Level 8.1 Air Magic
 + Level 8.1 Earth Magic
 + Level 9.0 Poison Magic
 + Level 10.5 Invocations
 + Level 12.2 Evocations


You had 29 spell levels left.
You knew the following spells:

 Your Spells              Type           Power        Failure   Level  Hunger
a - Confusing Touch       Hex            ######       4%          1    None

Your spell library contained the following spells:

 Spells                   Type           Power        Failure   Level  Hunger
 Flame Tongue             Conj/Fire      #####        4%          1    None
 Shock                    Conj/Air       ####         4%          1    None
 Summon Butterflies       Summ           ######..     4%          1    None
 Swiftness                Chrm/Air       ######..     7%          2    None
 Call Canine Familiar     Summ           ######..     14%         3    None
 Portal Projectile        Hex/Tloc       ######       14%         3    None
 Static Discharge         Conj/Air       ######..     14%         3    None
 Airstrike                Air            ######....   43%         4    None
 Cause Fear               Hex            ######....   43%         4    None
 Summon Ice Beast         Ice/Summ       ######..     43%         4    None
 Lightning Bolt           Conj/Air       ######....   78%         5    ####...
 Summon Mana Viper        Hex/Summ       ######..     78%         5    ####...
 Bolt of Fire             Conj/Fire      ######....   100%        6    #####..
 Dragon Form              Tmut           ######....   100%        7    #######
 Summon Hydra             Summ           ######....   100%        7    #######
 Dragon's Call            Summ           ######....   100%        9    #######


Dungeon Overview and Level Annotations

Branches:
Dungeon (1/1)

Altars:
Ashenzari
Cheibriados
Dithmenos
Elyvilon
Fedhas
Gozag
Hepliaklqana
Kikubaaqudgha
Makhleb
Nemelex Xobeh
Okawaru
Qazlal
Ru
Sif Muna
Trog
Uskayaw
Vehumet
Wu Jian
Xom
Yredelemnul
Zin
The Shining One
Beogh
Jiyva
Lugonu

Annotations:
D 1 transporter


Innate Abilities, Weirdness & Mutations

Your experience applies equally to all skills.
You have very sharp teeth.
Your uncanny sense of smell can sniff out nearby items.


Message History

The jiangshi completely misses you. You block the bat simulacrum's attack.
SHROANNG!
The hungry ghost hits you.
You are near starving!
The orange demon stings you but does no damage.
You block the flying skull's attack.
GONNNNG!
You block the bat simulacrum's attack.
BONNNG!
The wight hits you but does no damage. The jiangshi claws you.
* * * LOW HITPOINT WARNING * * *
You block the jiangshi's attack.
GONNNNG!
You hit the mummy priest. You bite the mummy priest.
The mummy priest is moderately damaged.
You block the bat simulacrum's attack.
SHROANNG!
The mummy priest invokes the aid of its god against you.
Something smites you!
You die...

▓▓▓▓▓▓▓▓▓▓▓▓▓▓▓▓▓▓▓
▓..8©8..▓ ∆∆∆∆
▓..)}=..▓ ∆∆∆
▓....}..▓ ▓.......▓
▓.......▓ ▓.4)V...▓
▓.ZzVZ..▓ ▓.W@Mz..▓
▓.§§©...▓ ▓▓▓▓▓▓▓▓▓
∆∆ ∆∆∆ ∆ ∆∆∆


You could see a mummy priest, 2 jiangshi, an orange demon, a hungry ghost, a
flying skull, a wight, a bat simulacrum and a giant cockroach simulacrum.

Vanquished Creatures
  A death cob (D)
  A mummy priest (D)
  2 dancing weapons (D)
  A deep elf knight (D)
  A deep elf mage (D)
  An ugly thing (D)
  4 draconians (D)
  A guardian mummy (D)
  A steam dragon (shapeshifter) (D)
  A naga (shapeshifter) (D)
  2 hell hounds (D)
  A quasit (D)
  A mummy (D)
  A white imp (D)
  An adder zombie (D)
  A jackal skeleton (D)
  A quokka simulacrum (D)
22 creatures vanquished.

Vanquished Creatures (others)
  2 spatial maelstroms (D)
  Terence (D)
3 creatures vanquished.

Grand Total: 25 creatures vanquished

Notes
Turn   | Place    | Note
-------+----------+-------------------------------------------
     0 | D        | inmateoo the Gnoll Wanderer began the quest for the Orb.
     0 | D        | inmateoo set off with the following items: a +2 dagger, 4
                  | curare-tipped darts, a scroll of teleportation, a +0 robe,
                  | a ration, a potion of curing, a potion of heal wounds, a
                  | potion of haste, 2 potions of magic, a potion of berserk
                  | rage, a scroll of blinking; and the following spell
                  | memorised: Confusing Touch; and the following spells
                  | available to memorise: Portal Projectile
     0 | D        | Reached XP level 1. HP: 20/20 MP: 4/4
     0 | D        | Found a shimmering blue altar of Sif Muna.
     0 | D        | Found a sacrificial altar of Ru.
     0 | D        | Found a bloodstained altar of Trog.
     0 | D        | Found a stormy altar of Qazlal.
     0 | D        | Found an iron altar of Okawaru.
     0 | D        | Found a sparkling altar of Nemelex Xobeh.
     0 | D        | Found a blossoming altar of Fedhas.
     1 | D        | Found the +6 Majin-Bo {vamp, Archmagi MP+6 Int+6}
     1 | D        | Found the +7 great mace "Firestarter" {inner flame, rF++}
     2 | D        | Found a transporter.
     2 | D        | Found an ancient bone altar of Kikubaaqudgha.
     2 | D        | Found a viscous altar of Jiyva.
     2 | D        | Found a corrupted altar of Lugonu.
     2 | D        | Found a hazy altar of Hepliaklqana.
     2 | D        | Found a burning altar of Makhleb.
     2 | D        | Found an opulent altar of Gozag.
     2 | D        | Killed Terence
     6 | D        | Banished a spatial maelstrom
    16 | D        | Banished a spatial maelstrom
    22 | D        | Reached skill level 5 in Fighting
    22 | D        | Reached skill level 1 in Conjurations
    22 | D        | Reached skill level 1 in Hexes
    22 | D        | Reached skill level 1 in Charms
    22 | D        | Reached skill level 1 in Summonings
    22 | D        | Reached skill level 1 in Translocations
    22 | D        | Reached skill level 1 in Transmutations
    22 | D        | Reached skill level 1 in Fire Magic
    22 | D        | Reached skill level 1 in Ice Magic
    22 | D        | Reached skill level 1 in Air Magic
    22 | D        | Reached skill level 1 in Earth Magic
    22 | D        | Reached skill level 3 in Evocations
    22 | D        | Reached XP level 2. HP: 27/27 MP: 4/6
    32 | D        | Found the +9 heavy crossbow "Sniper" {velocity, Acc+∞ SInv}
    32 | D        | Found the +10 dark maul {crush}
    32 | D        | Found the +15 Maxwell's patent armour {-Cast -Tele rElec
                  | MR+ rCorr}
    32 | D        | Found the +18 shield of the Gong {rElec rN+ MR+ EV-5}
    32 | D        | Found the cursed +14 obsidian axe {chop, +Fly SInv *Curse}
    74 | D        | Found the +6 shillelagh "Devastator" {shatter}
    74 | D        | Found the +11 plutonium sword {*Contam Stlth-}
    74 | D        | Found the +8 lance "Wyrmbane" {slay drac, rPois rF+ rC+
                  | AC+3}
    74 | D        | Found the +9 sword of Zonguldrok {reap}
    74 | D        | Found the cursed +13 scythe of Curses {drain, *Curse}
    74 | D        | Found the +0 sword of Power
    74 | D        | Found the +7 mace of Variability {chain chaos}
    74 | D        | Found the +7 Singing Sword {slice, sonic wave}
    74 | D        | Found the +8 storm bow {elec, penet}
    80 | D        | Entered arena 2.
    80 | D        | Noticed a hell hound
    80 | D        | Noticed a hell hound
    80 | D        | Found a transporter.
    88 | D        | Killed a hell hound
    88 | D        | Reached skill level 4 in Evocations
    88 | D        | Reached XP level 3. HP: 27/34 MP: 7/9
    88 | D        | Reached XP level 4. HP: 32/40 MP: 7/10
    92 | D        | Killed a hell hound
    92 | D        | Reached skill level 5 in Throwing
    92 | D        | Reached skill level 5 in Spellcasting
    92 | D        | Reached skill level 5 in Necromancy
    92 | D        | Reached skill level 5 in Poison Magic
    92 | D        | Reached skill level 5 in Evocations
    92 | D        | Reached XP level 5. HP: 27/46 MP: 7/12
   269 | D        | Entered arena 3.
   269 | D        | Noticed an ogre
   269 | D        | Noticed a purple ugly thing
   269 | D        | Noticed a steam dragon
   269 | D        | Found a transporter.
   286 | D        | Noticed a naga
   286 | D        | an ogre changed into a naga
   287 | D        | Killed a purple ugly thing
   287 | D        | Reached skill level 5 in Short Blades
   287 | D        | Reached skill level 5 in Long Blades
   287 | D        | Reached skill level 5 in Axes
   287 | D        | Reached skill level 5 in Maces & Flails
   287 | D        | Reached skill level 5 in Polearms
   287 | D        | Reached skill level 5 in Staves
   287 | D        | Reached skill level 5 in Slings
   287 | D        | Reached skill level 5 in Bows
   287 | D        | Reached skill level 5 in Crossbows
   287 | D        | Reached skill level 5 in Armour
   287 | D        | Reached skill level 5 in Dodging
   287 | D        | Reached skill level 5 in Shields
   287 | D        | Reached skill level 5 in Unarmed Combat
   287 | D        | Reached skill level 6 in Evocations
   287 | D        | Reached XP level 6. HP: 42/55 MP: 13/15
   287 | D        | Reached XP level 7. HP: 46/60 MP: 13/16
   295 | D        | Killed a steam dragon
   296 | D        | Killed a naga
   296 | D        | Reached skill level 5 in Conjurations
   296 | D        | Reached skill level 5 in Hexes
   296 | D        | Reached skill level 5 in Charms
   296 | D        | Reached skill level 5 in Summonings
   296 | D        | Reached skill level 5 in Translocations
   296 | D        | Reached skill level 5 in Transmutations
   296 | D        | Reached skill level 5 in Fire Magic
   296 | D        | Reached skill level 5 in Ice Magic
   296 | D        | Reached skill level 5 in Air Magic
   296 | D        | Reached skill level 5 in Earth Magic
   296 | D        | Reached XP level 8. HP: 34/68 MP: 14/18
   458 | D        | Entered arena 4.
   458 | D        | Noticed a deep elf knight
   458 | D        | Noticed a +1 broad axe of freezing
   458 | D        | Noticed a deep elf mage
   458 | D        | Noticed a +1 glaive of chopping
   458 | D        | Found a transporter.
   460 | D        | Killed a deep elf mage
   460 | D        | Reached skill level 7 in Evocations
   461 | D        | Killed a deep elf knight
   461 | D        | Reached skill level 8 in Evocations
   461 | D        | Reached XP level 9. HP: 75/75 MP: 18/20
   461 | D        | Killed a +1 glaive of chopping
   461 | D        | Reached skill level 9 in Evocations
   472 | D        | Killed a +1 broad axe of freezing
   472 | D        | Reached skill level 10 in Evocations
   480 | D        | Entered arena 5.
   480 | D        | Found a transporter.
   481 | D        | Found the +8 mithril axe "Arga" {speed, MR+}
   503 | D        | Entered arena 6.
   503 | D        | Noticed a draconian
   503 | D        | Noticed a draconian
   503 | D        | Noticed a draconian
   503 | D        | Noticed a draconian
   503 | D        | Noticed a death cob
   503 | D        | Found a transporter.
   516 | D        | Killed a draconian
   516 | D        | Reached XP level 10. HP: 60/83 MP: 22/22
   518 | D        | Killed a draconian
   524 | D        | Killed a death cob
   524 | D        | Reached skill level 10 in Fighting
   524 | D        | Reached skill level 11 in Evocations
   525 | D        | Killed a draconian
   525 | D        | Reached skill level 10 in Invocations
   532 | D        | Killed a draconian
   794 | D        | Entered arena 7.
   794 | D        | Noticed a mummy priest
   794 | D        | Noticed a mummy priest
   797 | D        | Noticed a jiangshi
   797 | D        | Found a transporter.
   800 | D        | Noticed an orange demon
   812 | D        | Killed a mummy priest
   812 | D        | Reached skill level 10 in Throwing
   812 | D        | Reached skill level 10 in Stealth
   812 | D        | Reached skill level 10 in Spellcasting
   812 | D        | Reached skill level 12 in Evocations
   812 | D        | Reached XP level 11. HP: 10/92 MP: 23/25
   814 | D        | Noticed a jiangshi
   815 | D        | Killed from afar by a mummy priest

Levels and vault maps discovered:
D:        sprint_v [room_start, room_1, room_2, room_3, room_4, room_5, room_6,
          room_7, room_8, room_9, room_10, room_11, room_12, room_13, room_14,
          room_15, room_16, room_17, room_18, room_19, room_20, room_21,
          room_22, room_23, room_24, room_25, room_26, room_27]

Skill      XL: |  1  2  3  4  5  6  7  8  9 10 |
---------------+-------------------------------+-----
Fighting       | 5 6 7 8 9 10 | 10.6
Short Blades   | 2 3 4 5 6 7 8 9 |  9.6
Long Blades    | 2 3 4 5 6 7 8 9 |  9.6
Axes           | 2 3 4 5 6 7 8 9 |  9.6
Maces & Flails | 2 3 4 5 6 7 8 9 |  9.6
Polearms       | 2 3 4 5 6 7 8 9 |  9.6
Staves         | 2 3 4 5 6 7 8 9 |  9.6
Slings         | 2 3 4 5 6 7 8 9 |  9.6
Bows           | 2 3 4 5 6 7 8 9 |  9.6
Crossbows      | 2 3 4 5 6 7 8 9 |  9.6
Throwing       | 3 4 5 6 7 8 10 | 10.0
Armour         | 2 3 4 5 6 7 8 9 |  9.6
Dodging        | 2 3 4 5 6 7 8 9 |  9.6
Stealth        | 3 4 6 7 8 10 | 10.0
Shields        | 2 3 4 5 6 7 8 9 |  9.6
Unarmed Combat | 2 3 4 5 6 7 8 9 |  9.6
Spellcasting   | 3 4 5 6 7 8 10 | 10.1
Conjurations   | 1 2 3 4 5 6 8 |  8.1
Hexes          | 1 2 3 4 5 6 8 |  8.1
Charms         | 1 2 3 4 5 6 8 |  8.1
Summonings     | 1 2 3 4 5 6 8 |  8.1
Necromancy     | 4 5 6 7 9 |  9.0
Translocations | 1 2 3 4 5 6 8 |  8.1
Transmutations | 1 2 3 4 5 6 8 |  8.1
Fire Magic     | 1 2 3 4 5 6 8 |  8.1
Ice Magic      | 1 2 3 4 5 6 8 |  8.1
Air Magic      | 1 2 3 4 5 6 8 |  8.1
Earth Magic    | 1 2 3 4 5 6 8 |  8.1
Poison Magic   | 4 5 6 7 9 |  9.0
Invocations    | 2 3 4 6 7 9 10 | 10.5
Evocations     | 3 4 5 6 8 10 12 | 12.2

Action                   |  1- 3 |  4- 6 |  7- 9 | 10-12 || total
-------------------------+-------+-------+-------+-------++-------
Melee: Lance             |     7 |    19 |    34 |    28 ||    88
       Bite              |     3 |     2 |     1 |     7 ||    13
Evoke: Wand              |       |       |     4 |     8 ||    12
  Use: Potion            |     2 |       |       |     1 ||     3
Armor: Plate armour      |     2 |     3 |    18 |    41 ||    64
Dodge: Dodged            |       |       |     3 |     8 ||    11
Block: Shield            |    10 |    24 |    63 |    78 ||   175

Table legend:
 A = Non-vault XP
 B = Vault XP
 C = Vault XP percentage of total XP
 D = Non-vault monster count
 E = Vault monster count
 F = Vault count percentage of total count
                 A         B        C        D         E       F
            +---------+---------+-------+---------+---------+-------
      Total |       0 |   10251 | 100.0 |       0 |      22 | 100.0
            +---------+---------+-------+---------+---------+-------
          D |       0 |   10251 | 100.0 |       0 |      22 | 100.0
            +---------+---------+-------+---------+---------+-------
